 Dungeon Crawl Stone Soup version 0.24.0-10-g970556be89 (console) character file.

Game seed: 8733955244770698913, levelgen mode: deterministic

392 AlterAsc the Changer (level 6, -3/39 HPs)
             Began as an Octopode Transmuter on Nov 4, 2019.
             Slain by an orc
             ... wielding a +0 trident
              (4 damage)
             ... on level 4 of the Dungeon.
             The game lasted 00:11:02 (4362 turns).

AlterAsc the Changer (Octopode Transmuter)          Turns: 4362, Time: 00:11:02

Health: -3/39      AC:  1    Str: 11    XL:     6   Next: 80%
Magic:  9/11       EV: 13    Int: 15    God:
Gold:   234        SH:  0    Dex: 13    Spells: 2/12 levels left

rFire    . . .     SeeInvis .     - Unarmed
rCold    . . .     Gourm    .   (no shield)
rNeg     . . .     Faith    .   (helmet restricted)
rPois    .         Spirit   .   (no amulet)
rElec    .         Reflect  .   (no ring)
rCorr    .         Harm     .   (no ring)
MR       .....                  (no ring)
Stlth    ++........             (no ring)
HPRegen  0.13/turn              (no ring)
MPRegen  0.12/turn              (no ring)
                                (no ring)
                                (no ring)

@: no status effects
A: almost no armour, stealthy swim, amphibious, 8 rings, constrict 8, camouflage
1, gelatinous body 1
a: no special abilities


You were on level 4 of the Dungeon.
You were hungry.

You visited 1 branch of the dungeon, and saw 4 of its levels.

You collected 234 gold pieces.

Inventory:

Missiles
 a - 66 arrows
 o - 16 poisoned darts (quivered)
Wands
 k - a wand of scattershot (2)
 s - a wand of random effects (18)
 v - a wand of polymorph (9)
 w - a wand of paralysis (7)
Scrolls
 b - a scroll of amnesia
 d - 4 scrolls of remove curse
 e - 3 scrolls of teleportation
 g - 3 scrolls of identify
 j - a scroll of enchant weapon {unknown}
 q - 3 scrolls of fear
 t - a scroll of magic mapping {unknown}
 u - a scroll of enchant armour {unknown}
Potions
 f - 2 potions of lignification
 h - 2 potions of curing
 i - 3 potions of brilliance
 l - 2 potions of berserk rage {unknown}
 m - 2 potions of magic {unknown}
 n - a potion of cancellation {unknown}
 p - 2 potions of flight {unknown}
Comestibles
 c - 5 rations
 r - 3 chunks of flesh


   Skills:
 + Level 2.0 Fighting
 - Level 2.1 Dodging
 * Level 3.9 Unarmed Combat
 + Level 3.6 Spellcasting
 + Level 4.8 Transmutations
 + Level 1.4 Ice Magic


You had 2 spell levels left.
You knew the following spells:

 Your Spells              Type           Power        Failure   Level  Hunger
a - Beastly Appendage     Tmut           ###...       2%          1    None
b - Sticks to Snakes      Tmut           ###.....     4%          2    ##.....
c - Spider Form           Tmut/Pois      #.........   22%         3    ###....
d - Ice Form              Ice/Tmut       ##......     45%         4    ####...

Your spell library contained the following spells:

 Spells                   Type           Power        Failure   Level  Hunger
 Corpse Rot               Necr           N/A          28%         2    ##.....
 Stone Arrow              Conj/Erth      #.....       50%         3    ###....
 Blade Hands              Tmut           ###.......   58%         5    ######.
 Leda's Liquefaction      Hex/Erth       #.........   88%         4    ####...
 Summon Forest            Summ/Tloc      #.........   99%         5    ######.
 Hydra Form               Tmut           ###.......   99%         6    #######
 Summon Hydra             Summ           #.........   100%        7    #######


Dungeon Overview and Level Annotations

Branches:
Dungeon (4/15)
 Temple: D:4-7

Altars:
Fedhas
Gozag
Makhleb

Annotations:
D:2 1 runed translucent door, Crazy Yiuf
D:4 exclusion: wyvern


Innate Abilities, Weirdness & Mutations

You cannot wear most types of armour.
You are very stealthy in the water. (Stealth+)
You are amphibious.
You can wear up to eight rings at the same time.
You can use your tentacles to constrict eight enemies at once.
Your skin changes colour to match your surroundings (Stealth+).
Your rubbery body absorbs attacks. (AC +1, EV +1)


Message History

You barely miss the orc wizard.
The orc wizard is heavily wounded.
You are feeling hungry.
The orc closely misses you. The orc wizard barely misses you.
You hit the orc wizard.
The orc wizard is severely wounded.
The orc wizard hits you with a +0 dagger.
The orc completely misses you. The orc wizard misses you.
You bite the orc wizard!
You kill the orc wizard!
Your Fighting skill increases to level 2!
The orc hits you from afar with a +0 trident!
* * * LOW HITPOINT WARNING * * *
Your transformation has ended.
The orc hits you with a +0 trident!
* * * LOW HITPOINT WARNING * * *
You tentacle-slap the orc. Your grab misses the orc.
The orc is severely wounded.
The orc hits you with a +0 trident.
You die...

##.>## ##..#
##.## ##.## ##
#..## ##...
##..## #..... #
##..##
###...... #
##..#
##.ooo.?.. #
### ##@##
#....o.... ##
####.#
##o###o........
.# ###....##
#..#..........
.###.......#
##))..........
.##........#
#............[
..........##
#.#........###
#........##
#..#.......##
.......###
#..##....####
######## ###
######


You could see an orc.

Vanquished Creatures
  A scorpion (D:2)
  A centaur skeleton (D:4)
  A hound (D:4)
  An orc priest (D:3)
  A bullfrog skeleton (D:4)
  3 orc wizards (D:4)
  A worker ant (D:4)
  2 adders
  3 oozes
  A worm (D:2)
  2 dart slugs
  2 leopard geckos
  10 orcs
  A ball python (D:2)
  3 giant cockroaches
  6 goblins
  6 hobgoblins
  4 jackals
  2 quokkas (D:2)
  11 bats
  5 frilled lizards
  7 kobolds
  A quokka skeleton (D:4)
  8 rats
83 creatures vanquished.

Notes
Turn   | Place    | Note
-------+----------+-------------------------------------------
     0 | D:1      | AlterAsc the Octopode Transmuter began the quest for the
                  | Orb.
     0 | D:1      | Reached XP level 1. HP: 13/13 MP: 3/3
   157 | D:1      | Reached XP level 2. HP: 16/18 MP: 5/5
   175 | D:1      | Learned a level 2 spell: Sticks to Snakes
   607 | D:1      | Reached XP level 3. HP: 13/23 MP: 6/6
   615 | D:1      | Learned a level 3 spell: Spider Form
  1114 | D:2      | Found a blossoming altar of Fedhas.
  1139 | D:2      | Reached skill level 3 in Transmutations
  1882 | D:2      | Reached XP level 4. HP: 24/28 MP: 5/7
  2551 | D:2      | Reached skill level 4 in Transmutations
  2551 | D:2      | Reached XP level 5. HP: 12/33 MP: 9/9
  2785 | D:2      | Found a runed translucent door.
  2786 | D:2      | Noticed Crazy Yiuf
  3566 | D:3      | Found an opulent altar of Gozag.
  3667 | D:4      | Learned a level 4 spell: Ice Form
  3742 | D:4      | Found a burning altar of Makhleb.
  3863 | D:4      | Reached XP level 6. HP: 34/38 MP: 5/11
  3894 | D:4      | Reached skill level 1 in Ice Magic
  4209 | D:4      | Noticed a wyvern
  4361 | D:4      | HP: 1/39 [orc/+0 trident (10)]
  4362 | D:4      | Slain by an orc

Levels and vault maps discovered:
D:1:      psy_arrival_radial02, layout_basic, minmay_tripent
D:2:      layout_loops_ring, fedhas_altar_3, uniq_crazy_yiuf_cottage
D:3:      layout_rooms, nicolae_gozag_cash_rules_everything_around_me
D:4:      layout_cave_pods, lemuel_doored_altar

Skill      XL: |  1  2  3  4  5  6 |
---------------+-------------------+-----
Transmutations | 3 4 |  4.8
Spellcasting   | 3 |  3.6
Ice Magic      | 1 |  1.4
Fighting       | 2 |  2.0
Dodging        | |  2.1
Unarmed Combat | |  3.9

Action                   |  1- 3 |  4- 6 || total
-------------------------+-------+-------++-------
Melee: Unarmed           |    87 |   129 ||   216
       Kick              |     8 |     1 ||     9
       Tentacles         |    12 |    14 ||    26
       Constrict         |    28 |    11 ||    39
Throw: Dart              |       |    13 ||    13
 Cast: Beastly Appendage |    10 |     3 ||    13
       Spider Form       |       |    10 ||    10
  Use: Scroll            |       |     7 ||     7
 Stab: Sleeping          |     7 |     3 ||    10
  Eat: Chunk             |     3 |     9 ||    12
Armor: Skin              |    12 |     7 ||    19
Dodge: Dodged            |    61 |   103 ||   164
